cohdb
Replays
Latest Replays
All Replays
Popular Replays
Top Player Replays
Match Explorer
How It Works
Community
CoH3 Stats
Reddit
Sign in to upload your games and track your stats! →
Sign in with Steam
Match 44196017
Unlisted
Match 44196017
Overview
Messages
Build Orders
End
Construct Weapon Support Center
Selects Special Operations Battlegroup
Selects M29 Weasel Recon Vehicle
M29 Weasel Recon Vehicle
Engineer Squad
M1919 Machine Gun Team
M1919 Machine Gun Team
Infantry Support Center
Bazooka Squad
Bazooka Squad
Selects Smoke Screen
Selects SSF Commando Squad
SSF Commando Squad
Survival Training
SSF Commando Squad
Smoke Screen
Improved M9 Bazooka Rockets
Selects Mark Vehicle
Construct Tank Depot
Mark Vehicle
Smoke Screen
M4A1 Sherman Medium Tank
Selects UNKNOWN (2162291)
.30 cal Machine Gun
Selects Assault Operation
Mark Vehicle
SSF Commando Squad
Smoke Screen
Mark Vehicle
M4A1 Sherman Medium Tank
Mark Vehicle
Smoke Screen
M4A1 Sherman Whizbang
Mark Vehicle
Mark Vehicle
Bazooka Squad
Smoke Screen
Advanced Logistics
Mark Vehicle
M18 Hellcat Tank Destroyer
Mark Vehicle
M18 Hellcat Tank Destroyer
Symbiosis
CAuMOH
FLOKL
2.0
0
0
Comments
sign in to comment!
No comments posted yet!